 Dungeon Crawl Stone Soup version 0.19.5 (webtiles) character file.

171 djnw the Digger (level 5, -2/42 HPs)
             Began as a Naga Earth Elementalist on Mar 25, 2017.
             Slain by a gnoll
             ... wielding a +0 flail
              (14 damage)
             ... on level 3 of the Dungeon.
             The game lasted 00:13:09 (3951 turns).

djnw the Digger (Naga Earth Elementalist)           Turns: 3951, Time: 00:13:10

Health: -2/42      AC:  4    Str:  8 (10) XL:     5   Next: 51%
Magic:  10/10      EV: 10    Int: 16 (17) God:
Gold:   157        SH:  0    Dex: 11      Spells: 2 memorised, 6 levels left

rFire  . . .     SeeInvis +     l - +0 dagger (venom)
rCold  . . .     Gourm    .     c - +1 robe
rNeg   . . .     Faith    .     (no shield)
rPois  +         Spirit   .     a - +0 helmet
rElec  .         Reflect  .     (no cloak)
rCorr  .         Harm     .     (no gloves)
MR     .....                    (no barding)
Stlth  ++........               (no amulet)
                                (no ring)
                                (no ring)

@: hasted, quick
A: see invisible, deformed body, poison resistance, slowness 2, slow metabolism
1, spit poison 1, AC +1
a: Spit Poison


You were on level 3 of the Dungeon.
You were not hungry.

You visited 1 branch of the dungeon, and saw 3 of its levels.

You collected 157 gold pieces.

Inventory:

Hand Weapons
 l - a +0 dagger of venom (weapon)
Missiles
 b - 160 stones (quivered)
Armour
 a - a +0 helmet (worn)
 c - a +1 robe (worn)
Scrolls
 g - 7 scrolls of identify
Books
 e - a book of Geomancy

   Spells                             Type                      Level
   a - Sandblast                      Earth                        1
   b - Passwall                       Transmutation/Earth          2
   c - Stone Arrow                    Conjuration/Earth            3
   d - Petrify                        Transmutation/Earth          4
   e - Lee's Rapid Deconstruction     Earth                        5
Comestibles
 d - 3 bread rations
 h - a slice of pizza
 i - a meat ration
 k - 4 fruits
 m - a beef jerky


   Skills:
 - Level 1.5 Dodging
 - Level 3.0 Stealth
 + Level 3.4 Spellcasting
 + Level 2.4 Conjurations
   Level 1.0 Transmutations
 + Level 4.3 Earth Magic


You had 6 spell levels left.
You knew the following spells:

 Your Spells              Type           Power        Failure   Level  Hunger
a - Sandblast             Erth           ###...       3%          1    None
b - Stone Arrow           Conj/Erth      ##....       14%         3    ###....


Dungeon Overview and Level Annotations

Branches:
Dungeon (3/15)

Altars:


Innate Abilities, Weirdness & Mutations

You cannot wear boots.
Your serpentine skin is tough. (AC +1)
You have supernaturally acute eyesight. (SInv)
Armour fits poorly on your strangely shaped body.
Your system is resistant to poisons. (rPois)
You cover ground very slowly.
You have a slow metabolism.
You can spit poison.


Message History

The gnoll is severely wounded.
The gnoll hits you with a whip!
You hit the gnoll.
You kill the gnoll!
The gnoll closely misses you.
You barely miss the gnoll. The gnoll barely misses you.
The gnoll hits you with a whip!
You hit the gnoll but do no damage.
The gnoll is poisoned.
The gnoll hits you with a flail.
* * * LOW HITPOINT WARNING * * *
The gnoll completely misses you.
You hit the gnoll but do no damage.
The gnoll looks as sick as possible!
The gnoll hits you with a whip.
* * * LOW HITPOINT WARNING * * *
The gnoll hits you but does no damage.
You hit the gnoll.
The gnoll looks as sick as possible!
The gnoll is lightly wounded.
The gnoll hits you but does no damage.
You feel yourself speed up. The gnoll hits you with a flail!
You die...

.###### #.#
......####################.#
.####......................#
.####.##########.#########.#
............####.##### #.# ##
.####.####...........#####'#####.
......####..####.###.#...........
...............g.....+.........#.
.####.###...##.#@##..#.........#.
.##.........##.#g##..#.........#.
............##...##..#.........#.
......#.....##...........).......
......#.....##....#..#...#.#####'
...####.#...##..#.#..#...'.# ##..
)#...................#...#.###...
.....................#.###.##....
................#.#.........'...≈


You could see 2 gnolls.

Vanquished Creatures
  6 adders
  A gnoll (D:3)
  2 worms
  11 dart slugs
  An orc (D:3)
  2 ball pythons
  8 bats
  A giant cockroach (D:1)
  10 goblins
  9 hobgoblins
  7 jackals
  9 kobolds
  A quokka (D:2)
  5 frilled lizards
  10 rats
83 creatures vanquished.

Notes
Turn   | Place    | Note
-------+----------+-------------------------------------------
     0 | D:1      | djnw the Naga Earth Elementalist began the quest for the Orb.
     0 | D:1      | Reached XP level 1. HP: 15/15 MP: 3/3
    50 | D:1      | Reached XP level 2. HP: 16/22 MP: 5/5
  1441 | D:1      | Reached XP level 3. HP: 5/28 MP: 2/6
  1659 | D:1      | Learned a level 3 spell: Stone Arrow
  2015 | D:2      | Reached skill level 1 in Conjurations
  2015 | D:2      | Reached skill level 4 in Earth Magic
  2017 | D:2      | Reached XP level 4. HP: 26/36 MP: 2/8
  2154 | D:2      | Found a faded altar of an unknown god.
  3077 | D:3      | Reached XP level 5. HP: 36/42 MP: 9/9
  3951 | D:3      | Slain by a gnoll

Skill      XL: |  1  2  3  4  5 |
---------------+----------------+-----
Conjurations   | 1 2 |  2.4
Earth Magic    | 4 |  4.3
Spellcasting   | 3 |  3.4
Dodging        | |  1.5
Stealth        | |  3.0
Transmutations | |  1.0

Action                   |  1- 3 |  4- 6 || total
-------------------------+-------+-------++-------
Melee: Spear             |    29 |    14 ||    43
       Unarmed           |     1 |       ||     1
       Dagger            |       |   118 ||   118
 Cast: Sandblast         |    39 |    15 ||    54
 Abil: Spit Poison       |    13 |     8 ||    21
  Use: Scroll            |     5 |     2 ||     7
       Potion            |     2 |     3 ||     5
 Stab: Sleeping          |     1 |     4 ||     5
  Eat: Chunk             |     3 |     6 ||     9
Armor: Robe              |    29 |    59 ||    88
Dodge: Dodged            |    68 |    94 ||   162
